 Dungeon Crawl Stone Soup version 0.17.1-3-g152610e (webtiles) character file.

115 Heskey the Sneak (level 5, 0/36 HPs)
             Began as an Octopode Assassin on Mar 26, 2016.
             Slain by an orc wizard
             ... wielding a +0 dagger
              (4 damage)
             ... on level 3 of the Dungeon.
             The game lasted 00:01:55 (1288 turns).

Heskey the Sneak (Octopode Assassin)                Turns: 1288, Time: 00:01:55

Health: 0/36       AC:  1    Str: 11    XL:     5   Next: 0%
Magic:  5/5        EV: 18    Int: 13    God:
Gold:   89         SH:  0    Dex: 19    Spells: 0 memorised, 4 levels left

rFire  . . .     SeeInvis .     a - +2 dagger
rCold  . . .     Clarity  .     (no shield)
rNeg   . . .     SustAt   .     (helmet restricted)
rPois  .         Gourm    .     (no amulet)
rElec  .         Spirit   .     (no ring)
rCorr  .         Warding  .     (no ring)
rMut   .         Stasis   .     (no ring)
MR     .....                    (no ring)
Stlth  ++++++....               (no ring)
                                (no ring)
                                (no ring)
                                (no ring)

@: agile, flying, not resistant to hostile enchantments, very stealthy
A: almost no armour, amphibious, 8 rings, constrict 8, camouflage 1, gelatinous
body 1
a: no special abilities


You were on level 3 of the Dungeon.
You were not hungry.

You visited 1 branch of the dungeon, and saw 3 of its levels.

You collected 89 gold pieces.

Inventory:

Hand Weapons
 a - a +2 dagger (weapon)
 b - a +0 blowgun
Missiles
 c - 8 poisoned needles
 d - 2 curare-tipped needles
 g - 5 needles of confusion
Scrolls
 f - a scroll of teleportation {unknown}
 i - a scroll of immolation {unknown}
 j - 2 scrolls of noise {unknown}
 k - a scroll of identify {unknown}
 m - 3 scrolls of remove curse {unknown}
Potions
 n - a potion of mutation {unknown}
 o - 3 potions of curing {unknown}
Comestibles
 e - 5 bread rations
 p - a meat ration
 q - 3 fruits


   Skills:
 + Level 2.9 Fighting
 + Level 3.0 Short Blades
 - Level 2.0 Throwing
 + Level 2.4 Dodging
 + Level 6.2 Stealth


You had 4 spell levels left.
You didn't know any spells.

Dungeon Overview and Level Annotations

Branches:
Dungeon (3/15)

Altars:


Innate Abilities, Weirdness & Mutations

You cannot wear most types of armour.
You are amphibious.
You can wear up to eight rings at the same time.
You can use your tentacles to constrict eight enemies at once.
Your skin changes colour to match your surroundings (Stealth).
Your rubbery body absorbs attacks (AC +1).


Message History

A hobgoblin comes into view. It is wielding a club.
You're too confused!
You're too confused!
You're too confused to move!
The orc throws a tomahawk.
The tomahawk hits you but does no damage.
The hobgoblin shouts!
You hear some strange, mumbled words.
Something tries to affect you, but you resist.
The orc throws a tomahawk.
The tomahawk barely misses you.
You feel less confused. The hobgoblin misses you.
You hear some strange, mumbled words.
Something tries to affect you, but you resist.
Drink which item? (? for menu, Esc to quit)
It was a potion of agility.
You feel agile all of a sudden.
Drink which item? (? for menu, Esc to quit)
It was a potion of flight.
You feel very buoyant.
You fly up into the air.
Something hits you.
You die...

##.....[...##
#.###.###.# ...
##.###(# #.# ...
.......###.# ..
#####...##.# ..
#....#.# .#
#(..!..# .#
#......######.#
#........og.@.#
.....############
####.# #. #.


You could see an orc and a hobgoblin.

Vanquished Creatures
  An orc wizard (D:3)
  3 adders (D:2)
  2 oozes
  A worm (D:2)
  2 orcs (D:3)
  6 bats
  6 hobgoblins
  8 kobolds
  2 quokkas (D:2)
  A ball python (D:1)
  2 giant cockroaches
  A giant gecko (D:1)
  2 giant newts
  6 goblins
  8 rats
51 creatures vanquished.

Notes
Turn   | Place    | Note
--------------------------------------------------------------
     0 | D:1      | Heskey the Octopode Assassin began the quest for the Orb.
     0 | D:1      | Reached XP level 1. HP: 14/14 MP: 1/1
    48 | D:1      | Reached XP level 2. HP: 1/19 MP: 2/2
   522 | D:1      | Reached XP level 3. HP: 24/24 MP: 3/3
   944 | D:2      | Reached XP level 4. HP: 24/30 MP: 4/4
   974 | D:2      | Found a faded altar to an unknown god.
  1065 | D:2      | Reached skill level 6 in Stealth
  1272 | D:3      | Reached XP level 5. HP: 8/36 MP: 5/5
  1288 | D:3      | Slain by an orc wizard

Action                   |  1- 3 |  4- 6 || total
-------------------------+-------+-------++-------
Melee: Dagger            |    65 |    19 ||    84
  Use: Potion            |       |     2 ||     2
 Stab: Sleeping          |    17 |     6 ||    23
       Distracted        |       |     1 ||     1
  Eat: Chunk             |       |     1 ||     1
